 Dungeon Crawl Stone Soup version 0.32-a0-630-g46d191b0ed (webtiles) character file.

Game seed: 1817835208710464358

1563 Nibs the Chiller (level 8, 0/37 HPs)
             Began as a Felid Ice Elementalist on Mar 6, 2024.
             Was an Initiate of Ru.
             Killed from afar by an electric eel (10 damage)
             ... with a bolt of electricity
             ... on level 6 of the Dungeon on Mar 7, 2024.
             The game lasted 01:02:23 (7379 turns).

Nibs the Chiller (Felid Ice Elementalist)           Turns: 7379, Time: 01:02:24

Health: 0/37       AC:  2    Str:  4    XL:     8   Next: 58%
Magic:  23/27      EV: 19    Int: 24    God:    Ru [......]
Gold:   330        SH:  0    Dex: 23    Spells: 12/19 levels left
                                        Lives:  0   Deaths: 3

rFire   . .          .
                       - Unarmed
rCold   . . .        (shield unavailable)
rNeg    . . .        (body armour unavailable)
rPois   .            (helmet unavailable)
rElec   .            (cloak unavailable)
rCorr   .            (gloves unavailable)
SInv    +            (boots unavailable)
Will    +....        (no amulet)
Stlth   +++          b - ring of magical power
HPRegen 0.26/turn    c - ring "Acvec" {Int+3 Dex+6}
MPRegen 0.20/turn

%: no passive effects
@: no status effects
A: very small, claws 1, fangs 3, see invisible, shaggy fur 2, stealthy paws, no
weapons or thrown items, no armour, multi-lived
a: Renounce Religion, Sacrifice Artifice, Sacrifice Skill, Sacrifice an Eye,
Reject Sacrifices


You were on level 6 of the Dungeon.
You worshipped Ru.
Ru was noncommittal.
You visited 2 branches of the dungeon, and saw 7 of its levels.

You collected 360 gold pieces.
You spent 30 gold pieces at shops.

Inventory:

Hand Weapons
 u - a +0 giant spiked club
Missiles
 q - 8 poisoned darts
Armour
 j - a +1 robe of cold resistance
Magical Staves
 w - a staff of cold
 A - a staff of air
Jewellery
 b - a ring of magical power (left paw)
 c - the ring "Acvec" (right paw) {Int+3 Dex+6}
   (You found it on level 1 of the Dungeon)

   [ring of dexterity]

   Int+3:     It affects your intelligence (+3).
   Dex+6:     It affects your dexterity (+6).
 e - a ring of poison resistance
 p - a +6 ring of intelligence
Scrolls
 d - a scroll of poison {unknown}
 f - 2 scrolls of revelation {unknown}
 g - 2 scrolls of fear
 h - a scroll of enchant weapon {unknown}
 k - a scroll of teleportation {unknown}
 l - 2 scrolls of vulnerability
 m - a scroll of fog {unknown}
 n - 2 scrolls of immolation
 s - a scroll of brand weapon {unknown}
 y - 4 scrolls of identify
Potions
 a - a potion of magic
 i - a potion of might
 o - a potion of enlightenment {unknown}
 r - a potion of degeneration {unknown}
 t - 3 potions of brilliance
 v - a potion of lignification {unknown}
 x - a potion of berserk rage {unknown}
 z - a potion of mutation {unknown}
 B - a potion of curing


   Skills:
 + Level 0.5 Fighting
 + Level 3.6 Dodging
 + Level 3.9 Stealth
 + Level 1.5 Unarmed Combat
 + Level 6.4 Spellcasting
 + Level 2.3 Summonings
 + Level 7.5 Ice Magic


You had 12 spell levels left.
You knew the following spells:

 Your Spells              Type           Power      Damage    Failure   Level
a - Freeze                Ice            100%       1d10      1%          1
b - Ozocubu's Armour      Ice            44%        N/A       1%          3
c - Summon Ice Beast      Ice/Summ       31%        N/A       3%          3

Your spell library contained the following spells:

 Spells                   Type           Power      Damage    Failure   Level
 Frozen Ramparts          Ice            88%        1d14      1%          3
 Inner Flame              Hex/Fire       7%         N/A       22%         3
 Flame Wave               Conj/Fire      7%         2d5       58%         4
 Sticky Flame             Fire/Alch      7%         2d4       58%         4
 Vhi's Electric Charge    Tloc/Air       14%        N/A       58%         4
 Arcjolt                  Conj/Air       3%         1d13      91%         5
 Plasma Beam              Fire/Air       3%         2x1d13    100%        6


Dungeon Overview and Level Annotations

Branches:
Dungeon (6/15)             Temple (1/1) D:5

Altars:
Ashenzari
Cheibriados
Dithmenos
Fedhas
Hepliaklqana
Okawaru
Qazlal
Ru
Trog
Uskayaw
Vehumet
Yredelemnul
Zin

Shops:
D:4 ([!!*   D:6 *


Innate Abilities, Weirdness & Mutations

You have sharp claws.
You have razor-sharp teeth.
You have supernaturally acute eyesight. (SInv)
You are covered in thick fur. (AC +2)
Your paws help you pounce on unaware monsters.
You are incapable of wielding weapons or throwing items.
You cannot wear armour.
You gain extra lives every three experience levels.


Message History

The bullfrog hits you but does no damage.
Your ice beast hits the bullfrog.
Your ice beast freezes the bullfrog!
The bullfrog seems to slow down.
Casting: Ozocubu's Armour (safe; 1% risk of failure)
Confirm with . or Enter, or press ? or * to list all spells.
Aiming: Freeze (safe; 1% risk of failure)
Press: ? - help, Shift-Dir - straight line, f - bullfrog
Aim: a bullfrog (almost dead, slow, ally target)
You freeze the bullfrog.
The bullfrog is almost dead.
The bullfrog misses you.
Your ice beast closely misses the bullfrog.
Casting: Freeze (safe; 1% risk of failure)
Confirm with . or Enter, or press ? or * to list all spells.
Aiming: Freeze (safe; 1% risk of failure)
Press: ? - help, Shift-Dir - straight line, f/p - bullfrog
Aim: a bullfrog (almost dead, slow, ally target)
You freeze the bullfrog.
The bullfrog is almost dead.
The bullfrog hits you.
Your ice beast hits the bullfrog.
The bullfrog dies!
Your icy armour cracks and falls away as you move.
You see here a bullfrog corpse.
An electric eel comes into view.
The electric eel moves out of view.
The electric eel shoots out a bolt of lightning at you!
The bolt of electricity hits the plant!
The plant begins to die.
The bolt of electricity hits you!
Your ice beast hits the plant.
The plant begins to die.
Your ice beast freezes the plant!
You swap places.
A nearby plant withers and dies.
A nearby plant withers and dies.
The electric eel shoots out a bolt of lightning at you!
The bolt of electricity hits you! x2
* * * LOW HITPOINT WARNING * * *
Your ice beast hits the electric eel but does no damage.
The electric eel shoots out a bolt of lightning at you!
The bolt of electricity hits you!
You die...
Ru respects your ultimate sacrifice.

#.## ###..# ###### ..##.....
...[.# #......# ...### #......#
#..... .### #......# #....# ##
#......# #....# ##.†...## #....#
# ###.......###...# # #####
##@..............## # #...#
###...##............# ##
#.[.####.....###............ .#
#.....PP.P~P~PP#....#.......
.#####.....P~~♣PYSPP~....##...##.
..##......#~P~~~♣♣≈♣~~~PP##...###
..........##...PP~♣≈~~PP.~##..##
[.........####..PPP~≈♣♣~P~P#...#
.........># ##..PPP♣≈♣~~PP#...##


You could see an electric eel (ally target) and a friendly ice beast (summoned).

Vanquished Creatures
  A wraith (D:5)
  A water moccasin (D:5)
  An ice beast (D:5)
  2 ogres
  2 phantoms (D:4)
  A nameless horror (D:4)
  2 scorpions
  2 bombardier beetles (D:4)
  A jelly (D:4)
  Jessica (D:2)
  An iguana (D:5)
  6 adders
  A ribbon worm (D:2)
  4 dart slugs
  14 orcs
  9 ball pythons
  4 endoplasms
  6 giant cockroaches
  4 goblins
  3 hobgoblins
  5 jackals
  5 quokkas
  6 bats
  A frilled lizard (D:3)
  4 kobolds
  8 rats
95 creatures vanquished.

Vanquished Creatures (collateral kills)
  Grinder (D:3)
  A bullfrog (D:6)
  A scorpion (D:6)
  2 jellies
  An orc priest (D:5)
  A sleepcap (D:6)
  An iguana (D:6)
  2 white imps (D:6)
  5 orcs
  An endoplasm (D:4)
16 creatures vanquished.

Grand Total: 111 creatures vanquished

Notes
Turn   | Place    | Note
-------+----------+-------------------------------------------
     0 | D:1      | Nibs the Felid Ice Elementalist began the quest for the
                  | Orb.
     0 | D:1      | Reached XP level 1. HP: 9/9 MP: 4/4
    15 | D:1      | Found a faded altar of an unknown god.
    49 | D:1      | Prayed at the altar of an unknown god.
    49 | D:1      | Became a worshipper of Ru the Awakened
   273 | D:1      | Identified the ring "Acvec" {Int+3 Dex+6}
   287 | D:1      | Reached XP level 2. HP: 13/13 MP: 6/6
   332 | D:1      | Reached skill level 4 in Ice Magic
  1264 | D:2      | Noticed Jessica
  1285 | D:2      | Killed Jessica
  1286 | D:2      | Reached XP level 3. HP: 9/16 MP: 7/7
  1319 | D:2      | Noticed an ogre
  1354 | D:2      | Slain by an ogre
  1354 | D:2      | Lost a life (0 lives remaining)
  1731 | D:2      | Found a stormy altar of Qazlal.
  1871 | D:2      | Reached XP level 4. HP: 11/21 MP: 9/9
  1871 | D:2      | Gained a life (1 life remaining)
  2200 | D:3      | Learned a level 3 spell: Ozocubu's Armour
  2204 | D:3      | Learned a level 3 spell: Summon Ice Beast
  2390 | D:3      | Noticed Grinder
  2754 | D:3      | Upgraded the game from 0.32-a0-616-g9348d4545b to
                  | 0.32-a0-630-g46d191b0ed
  3220 | D:3      | Identified the +4 robe "Fuahal" {rF+++ Dex-4 Archmagi}
  3331 | D:4      | Noticed a scorpion
  3338 | D:4      | Killed a scorpion
  3339 | D:4      | Reached skill level 5 in Ice Magic
  3339 | D:4      | Reached XP level 5. HP: 24/24 MP: 10/10
  3558 | D:4      | Found Feownido's Assorted Antiques.
  3724 | D:4      | Found Nesh's Distillery.
  3849 | D:4      | Found a glowing silver altar of Zin.
  3935 | D:4      | Noticed a phantom
  4023 | D:4      | HP: 1/24 [phantom (4)]
  4028 | D:4      | Killed a phantom
  4029 | D:4      | Gained mutation: You are covered in thick fur. (AC +2)
                  | [Felid growth]
  4029 | D:4      | Reached XP level 6. HP: 3/28 MP: 9/12
  4309 | D:4      | Noticed a nameless horror
  4318 | D:4      | Killed a nameless horror
  4361 | D:4      | Reached skill level 1 in Unarmed Combat
  4445 | D:4      | Found Nolukeqia's Distillery.
  4499 | D:4      | Bought a potion of curing for 30 gold pieces
  4510 | D:4      | Found Vurapn's Antique Armour Boutique.
  4515 | D:4      | Found Meenn's Weapon Boutique.
  4541 | D:4      | Reached skill level 6 in Ice Magic
  4541 | D:4      | Reached XP level 7. HP: 20/32 MP: 14/14
  4541 | D:4      | Gained a life (2 lives remaining)
  4620 | D:4      | Found a hazy altar of Hepliaklqana.
  4663 | D:4      | Found a sacrificial altar of Ru.
  5289 | D:3      | HP: 1/32 [Grinder/nerve-wracking pain (10)]
  5290 | D:3      | Killed Grinder
  5291 | D:3      | Reached skill level 5 in Spellcasting
  5475 | D:5      | Entered Level 5 of the Dungeon
  5590 | D:5      | Reached skill level 1 in Summonings
  5751 | D:5      | Found a staircase to the Ecumenical Temple.
  5788 | Temple   | Entered the Ecumenical Temple
  5925 | D:5      | Reached XP level 8. HP: 37/37 MP: 16/17
  5949 | D:5      | Killed from afar by an orc priest
  5949 | D:5      | Lost a life (1 life remaining)
  6038 | D:5      | Reached skill level 7 in Ice Magic
  6100 | D:5      | Mangled by an ice beast
  6100 | D:5      | Lost a life (0 lives remaining)
  6583 | D:6      | Found Zavicues's Serpentskin Sales.
  7379 | D:6      | Killed from afar by an electric eel

Illustrated notes

Levels and vault maps discovered:
D:1:      wander_arrival_peaceful_grave, layout_loops_ring,
          shapermc_ecumenical_altar_pompeii, minivault_27, hangedman_decor_push,
          dk_noncrumbling_2, chequers_serial_rivers_small_3,
          grunt_decor_junction, st_stairs_6, minmay_tripent
D:2:      kennysheep_six_static_rooms, layout_loops_ring, basic_altar,
          serial_bayou_pond_e, uniq_jessica
D:3:      layout_basic, guppyfry_early_lair_pool, uniq_grinder
D:4:      layout_basic, lemuel_round_altar, worldfamousw_hep_ancestral_shrine,
          marbit_many_paths, serial_shops, nicolae_take_the_stairs, shop,
          kennysheep_mini, nicolae_shop_dealshenge, shop,
          kennysheep_windowed_goal
D:5:      layout_cave_pools, minmay_temple_entry_statues_pillars,
          nicolae_figureground_sparkle
D:6:      layout_layer_cave, serial_bayou_lagoon_a, guppyfry_shop_venom
Temple:   hellmonk_temple_flake

Skill      XL: |  1  2  3  4  5  6  7  8 |
---------------+-------------------------+-----
Ice Magic      | 4 5 6 7 |  7.5
Stealth        | 3 |  3.9
Spellcasting   | 3 4 5 6 |  6.4
Dodging        | 3 |  3.6
Unarmed Combat | 1 |  1.5
Summonings     | 1 2 |  2.3
Fighting       | |  0.5

Action                     |  1- 3 |  4- 6 |  7- 9 || total
---------------------------+-------+-------+-------++-------
  Melee: Unarmed           |    28 |    47 |    16 ||    91
         Bite              |     5 |     9 |     3 ||    17
         Punch             |       |       |     1 ||     1
   Cast: Freeze            |    65 |    77 |    75 ||   217
         Ozocubu's Armour  |       |    13 |    13 ||    26
         Summon Ice Beast  |       |     9 |    21 ||    30
    Use: Potion            |       |     1 |     3 ||     4
         Scroll            |       |       |    10 ||    10
   Stab: Sleeping          |     3 |     2 |     2 ||     7
 Armour: Skin              |    36 |    44 |    49 ||   129
  Dodge: Dodged            |    82 |   118 |    83 ||   283

Table legend: (Time is in decaauts)
 A = Elapsed time spent in this place.
 B = Non-inter-level travel time spent in this place.
 C = Inter-level travel time spent in this place.
 D = Time resting spent in this place.
 E = Time spent auto-exploring this place.
 F = Levels seen in this place.
 G = Mean time per level.
                   A        B        C        D        E       F      G
               +--------+--------+--------+--------+--------+-----+--------+
         Total |   7375 |   5081 |   2294 |      0 |      3 |   7 | 1053.6 |
       Dungeon |   7275 |   5080 |   2195 |      0 |      3 |   6 | 1212.5 |
        Temple |     99 |      0 |     99 |      0 |      0 |   1 |   99.0 |
               +--------+--------+--------+--------+--------+-----+--------+

Top non-repeatable levels by time:
     D:4: 1579 daAuts
     D:3: 1515 daAuts
     D:2: 1307 daAuts
     D:1: 1084 daAuts
     D:6: 934 daAuts
     D:5: 853 daAuts
  Temple: 99 daAuts
